 Dungeon Crawl Stone Soup version 0.26-a0-1060-g086102a3f0 (webtiles) character file.

Game seed: 5000725354980172023

123 stormannn the Conjurer (level 4, -2/24 HPs)
             Began as a Deep Elf Conjurer on Dec 13, 2020.
             Slain by an orc
             ... wielding a +0 vorpal war axe
              (9 damage)
             ... on level 4 of the Dungeon.
             The game lasted 00:05:57 (3930 turns).

stormannn the Conjurer (Deep Elf Conjurer)          Turns: 3930, Time: 00:06:02

Health: -2/24      AC:  3    Str:  4    XL:     4   Next: 79%
Magic:  5/12       EV: 14    Int: 24    God:
Gold:   143        SH:  0    Dex: 13    Spells: 5/11 levels left

rFire    . . .     SeeInvis .   p - +1 dagger (venom)
rCold    . . .     Faith    .   (no shield)
rNeg     . . .     Spirit   .   a - +0 robe
rPois    .         Reflect  .   (no helmet)
rElec    .         Harm     .   (no cloak)
rCorr    .         Rampage  .   m - +0 pair of gloves
Will     +....                  (no boots)
Stlth    ++........             o - amulet of regeneration
HPRegen  0.48/turn              h - ring of willpower
MPRegen  0.13/turn              (no ring)

@: no status effects
A: no striking features
a: no special abilities


You were on level 4 of the Dungeon.
You visited 1 branch of the dungeon, and saw 4 of its levels.

You collected 143 gold pieces.

Inventory:

Hand Weapons
 p - a +1 dagger of venom (weapon)
Armour
 a - a +0 robe (worn)
 m - a +0 pair of gloves (worn)
 n - a +0 kite shield
Jewellery
 h - a ring of willpower (left hand)
 o - an amulet of regeneration (around neck)
Scrolls
 b - a scroll of remove curse {unknown}
 c - 3 scrolls of teleportation
 d - a scroll of enchant weapon
 g - a scroll of magic mapping {unknown}
 l - a scroll of fog {unknown}
 q - a scroll of noise {unknown}
 r - a scroll of immolation {unknown}
Potions
 e - a potion of flight {unknown}
 f - a potion of heal wounds {unknown}
 i - a potion of curing {unknown}
 j - a potion of brilliance {unknown}
 k - a potion of invisibility {unknown}


   Skills:
 * Level 4.6 Dodging
 - Level 2.4 Stealth
 + Level 4.2 Spellcasting
 + Level 5.1 Conjurations


You had 5 spell levels left.
You knew the following spells:

 Your Spells              Type           Power        Failure   Level
a - Magic Dart            Conj           ####         1%          1
b - Searing Ray           Conj           ####..       1%          2
c - Dazzling Flash        Conj/Hex       ###...       10%         3

Your spell library contained the following spells:

 Spells                   Type           Power        Failure   Level
 Fulminant Prism          Conj/Hex       ###.......   32%         4
 Iskenderun's Mystic Bla  Conj/Tloc      ###.....     32%         4


Dungeon Overview and Level Annotations

Branches:
Dungeon (4/15)
 Temple: D:4-7

Altars:
Gozag
Okawaru

Shops:
D:2 *


Message History

The orc is almost dead.
Casting: Magic Dart (safe; 1% risk of failure)
Confirm with . or Enter, or press ? or * to list all spells.
Aiming: Magic Dart (safe; 1% risk of failure)
Press: ? - help, Shift-Dir - straight line, f/p - water moccasin skeleton
Aim: a water moccasin skeleton (severely damaged, 0% to evade)
The magic dart hits the water moccasin skeleton!
The water moccasin skeleton is almost destroyed.
The water moccasin skeleton bites you!
* * * LOW HITPOINT WARNING * * *
The orc barely misses you.
Casting: Magic Dart (safe; 1% risk of failure)
Confirm with . or Enter, or press ? or * to list all spells.
Aiming: Magic Dart (safe; 1% risk of failure)
Press: ? - help, Shift-Dir - straight line, f/p - water moccasin skeleton
Aim: a water moccasin skeleton (almost destroyed, 0% to evade)
The magic dart hits the water moccasin skeleton.
You destroy the water moccasin skeleton!
The orc hits you with a +0 vorpal war axe!
You die...

... #...........# ..#####
#...........# . #.....#
####.......... .. #.....#
#.......... .' #.....#
#.......... #.
.....######..........
..#..#####......###+####...
..'................)...#...
#....))o@.#..........#...
####'############.####...
... #..##.#....# #....
#.....'....+ #....
#.....#....# #....
#.....#....# #..o#
#....##....## #...
#....#.......
#.....#.......


You could see an orc.

Vanquished Creatures
  A water moccasin skeleton (D:4)
  3 adders
  2 oozes
  An adder skeleton (D:4)
  3 worms (D:2)
  2 dart slugs
  A leopard gecko (D:3)
  8 orcs
  5 bats
  2 giant cockroaches
  4 goblins
  5 hobgoblins
  6 jackals (D:3)
  2 quokkas (D:2)
  A ball python skeleton (D:3)
  2 frilled lizards
  9 kobolds
  A leopard gecko skeleton (D:4)
  6 rats
64 creatures vanquished.

Vanquished Creatures (others)
  45 plants (D:3)
45 creatures vanquished.

Grand Total: 109 creatures vanquished

Notes
Turn   | Place    | Note
-------+----------+-------------------------------------------
     0 | D:1      | stormannn the Deep Elf Conjurer began the quest for the
                  | Orb.
     0 | D:1      | Reached XP level 1. HP: 10/10 MP: 6/6
   161 | D:1      | Reached XP level 2. HP: 15/15 MP: 4/8
  1243 | D:2      | Found an iron altar of Okawaru.
  1401 | D:2      | Reached XP level 3. HP: 19/19 MP: 6/10
  1840 | D:2      | Found Gozag's Platinum Reserve.
  1840 | D:2      | Found an opulent altar of Gozag.
  1928 | D:2      | Learned a level 2 spell: Searing Ray
  1932 | D:2      | Learned a level 3 spell: Dazzling Flash
  2354 | D:2      | Reached XP level 4. HP: 14/24 MP: 7/11
  2918 | D:3      | Reached skill level 5 in Conjurations
  3930 | D:4      | Slain by an orc

Illustrated notes

Levels and vault maps discovered:
D:1:      psy_arrival_dodecagon, layout_basic, corner_web_ring
D:2:      layout_basic, nicolae_gozag_zags_fifth_avenue,
          nicolae_overflow_hidden_temple, lemuel_crystal_altar,
          serial_corexii_hall, corexii_hall_statues_t, corexii_hall_statues_x,
          corexii_hall_statues_i, chequers_hall_statues_wall_a,
          minmay_tromino_v7
D:3:      layout_basic, serial_bayou_lagoon_a
D:4:      layout_gridville

Skill      XL: |  1  2  3  4 |
---------------+-------------+-----
Dodging        | 3 4 |  4.6
Spellcasting   | 4 |  4.2
Conjurations   | 5 |  5.1
Stealth        | |  2.4

Action                   |  1- 3 |  4- 6 || total
-------------------------+-------+-------++-------
 Cast: Magic Dart        |    90 |    49 ||   139
       Searing Ray       |     1 |     2 ||     3
  Use: Scroll            |       |     4 ||     4
Armor: Robe              |     2 |     1 ||     3
Dodge: Dodged            |    10 |    10 ||    20

Table legend: (Time is in decaauts)
 A = Elapsed time spent in this place.
 B = Non-inter-level travel time spent in this place.
 C = Inter-level travel time spent in this place.
 D = Time resting spent in this place.
 E = Time spent auto-exploring this place.
 F = Levels seen in this place.
 G = Mean time per level.
                   A        B        C        D        E       F      G
               +--------+--------+--------+--------+--------+-----+--------+
         Total |   3942 |   3819 |    123 |    775 |   2610 |   4 |  985.5 |
       Dungeon |   3942 |   3819 |    123 |    775 |   2610 |   4 |  985.5 |
               +--------+--------+--------+--------+--------+-----+--------+

Top non-repeatable levels by time:
     D:2: 1460 daAuts
     D:1: 1104 daAuts
     D:3: 1010 daAuts
     D:4: 367 daAuts
